 Dungeon Crawl Stone Soup version 0.26.1-11-gd32895ea62 (webtiles) character file.

Game seed: 5997829383895587280

193 RepoMan the Chiller (level 6, -6/44 HPs)
             Began as a Formicid Ice Elementalist on June 15, 2021.
             Mangled by an ogre
             ... wielding a +0 giant club
              (23 damage)
             ... on level 4 of the Dungeon.
             The game lasted 00:14:32 (3024 turns).

RepoMan the Chiller (Formicid Ice Elementalist)     Turns: 3024, Time: 00:14:33

Health: -6/44      AC:  7    Str: 13    XL:     6   Next: 2%
Magic:  8/10       EV: 10    Int: 16    God:
Gold:   150        SH:  5    Dex: 11    Spells: 7/11 levels left

rFire    . . .     SeeInvis +   e - +0 hand axe
rCold    . . .     Faith    .   q - +2 buckler
rNeg     + . .     Spirit   .   d - +0 ring mail
rPois    +         Reflect  .   (helmet unavailable)
rElec    .         Harm     .   v - +0 cloak
rCorr    .         Rampage  .   (no gloves)
Will     .....                  b - +0 pair of boots (curse)
Stlth    +.........             (no amulet)
HPRegen  0.14/turn              g - ring of positive energy
MPRegen  0.12/turn              m - ring of poison resistance

@: no status effects
A: permanent stasis, dig shafts and tunnels, four strong arms, antennae 3
a: Dig, Shaft Self


You were on level 4 of the Dungeon.
You visited 1 branch of the dungeon, and saw 4 of its levels.

You collected 150 gold pieces.

Inventory:

Hand Weapons
 e - a +0 hand axe (weapon)
Armour
 b - a cursed +0 pair of boots (worn)
 d - a +0 ring mail (worn)
 q - a +2 buckler (worn)
 v - a +0 cloak (worn)
Jewellery
 g - a ring of positive energy (left hand)
 m - a ring of poison resistance (right hand)
 p - an uncursed ring of protection from fire {unknown}
 u - a cursed ring of teleportation {unknown}
Scrolls
 a - 2 scrolls of identify {unknown}
 c - 2 scrolls of immolation {unknown}
 f - a scroll of noise {unknown}
 i - 2 scrolls of remove curse {unknown}
 j - a scroll of fear {unknown}
 l - a scroll of enchant armour {unknown}
 r - a scroll of magic mapping {unknown}
 x - a scroll of teleportation {unknown}
Potions
 h - a potion of magic {unknown}
 k - a potion of heal wounds {unknown}
 n - a potion of resistance {unknown}
 o - a potion of mutation {unknown}
 s - a potion of invisibility {unknown}
 t - a potion of curing
 w - a potion of might {unknown}


   Skills:
 + Level 1.9 Fighting
 + Level 0.6 Axes
 + Level 2.0 Armour
 - Level 1.7 Dodging
 - Level 2.4 Stealth
 + Level 1.0 Shields
 + Level 3.3 Spellcasting
 * Level 5.2 Ice Magic


You had 7 spell levels left.
You knew the following spells:

 Your Spells              Type           Power        Failure   Level
a - Freeze                Ice            76%          6%          1
b - Frozen Ramparts       Ice            38%          19%         3

Your spell library contained the following spells:

 Spells                   Type           Power        Failure   Level
 Ozocubu's Armour         Ice            19%          19%         3
 Hailstorm                Conj/Ice       11%          87%         4
 Summon Ice Beast         Ice/Summ       11%          87%         4


Dungeon Overview and Level Annotations

Branches:
Dungeon (4/15)
 Temple: D:4-7

Altars:
Ashenzari
Hepliaklqana
Nemelex Xobeh
Vehumet
Wu Jian
Xom


Innate Abilities, Weirdness & Mutations

You cannot be hasted, slowed, berserked, paralysed or teleported.
You can dig through walls and to a lower floor.
Your four strong arms can wield two-handed weapons with a shield.
You have a pair of large antennae on your head. (SInv)


Message History

Confirm with . or Enter, or press ? or * to list all spells.
Aiming: Freeze (safe; 6% risk of failure)
Press: ? - help, Shift-Dir - straight line, f/p - ogre
Aim: an ogre, wielding a +0 giant club (lightly wounded)
You freeze the ogre.
The ogre is moderately wounded.
The ogre hits you with a +0 giant club!!
* * * LOW HITPOINT WARNING * * *
Casting: Freeze (safe; 6% risk of failure)
Confirm with . or Enter, or press ? or * to list all spells.
Aiming: Freeze (safe; 6% risk of failure)
Press: ? - help, Shift-Dir - straight line, f/p - ogre
Aim: an ogre, wielding a +0 giant club (moderately wounded)
You freeze the ogre.
The ogre is moderately wounded.
You block the ogre's attack.
It was a potion of curing.
You feel better.
The ogre hits you with a +0 giant club!!
Ouch! That really hurt!
You die...

.....###.# #.#
......##.# #.#
......##.# #.#
......##.# #.#
......##.#######.#
......##.......#.#
##.##.########.#.#
#.##.# #.#O#
##.##.# #.#@#
..>.#.# #.#.#
#..##.########.#.#
#..##..........#.#
#...############.#
#.#.# #.# #.#.##
#.# #.#..########
#.# #............
o..{


You could see an ogre.

Vanquished Creatures
  An orc priest (D:4)
  A hound (D:4)
  Robin (D:2)
  4 adders
  An ooze (D:1)
  An adder skeleton (D:2)
  A worm (D:3)
  2 dart slugs
  4 leopard geckos
  4 orcs
  2 ball pythons
  5 bats
  3 giant cockroaches
  9 goblins (D:2)
  11 hobgoblins
  5 kobolds
  A quokka (D:3)
  3 frilled lizards (D:3)
  4 rats
63 creatures vanquished.

Notes
Turn   | Place    | Note
-------+----------+-------------------------------------------
     0 | D:1      | RepoMan the Formicid Ice Elementalist began the quest for
                  | the Orb.
     0 | D:1      | Reached XP level 1. HP: 13/13 MP: 3/3
    56 | D:1      | Reached XP level 2. HP: 19/19 MP: 1/5
   972 | D:2      | Reached XP level 3. HP: 24/25 MP: 3/6
  1098 | D:2      | Reached skill level 1 in Fighting
  1259 | D:2      | Reached skill level 1 in Armour
  1265 | D:2      | Reached XP level 4. HP: 32/32 MP: 4/8
  1272 | D:2      | Noticed Robin
  1293 | D:2      | Killed Robin
  1608 | D:2      | Found a radiant altar of Vehumet.
  2021 | D:3      | Reached XP level 5. HP: 37/37 MP: 7/9
  2025 | D:3      | Learned a level 3 spell: Frozen Ramparts
  2031 | D:3      | Reached skill level 5 in Ice Magic
  2069 | D:3      | Found an ornate altar of the Wu Jian Council.
  2070 | D:3      | Found a shimmering altar of Xom.
  2071 | D:3      | Found a hazy altar of Hepliaklqana.
  2071 | D:3      | Found a broken altar of Ashenzari.
  2657 | D:4      | Found a sparkling altar of Nemelex Xobeh.
  2877 | D:4      | Reached skill level 1 in Shields
  2877 | D:4      | Reached XP level 6. HP: 43/44 MP: 6/10
  2952 | D:4      | Noticed an ogre
  3024 | D:4      | Mangled by an ogre

Illustrated notes

Levels and vault maps discovered:
D:1:      arrival_zaba_pyramid, layout_loops_ring, hangedman_glass_teeth
D:2:      layout_basic, lemuel_statue_altar, uniq_robin
D:3:      layout_rooms, chequers_temple_overflow_statue_of_worship,
          serial_park_tiny_2, dk_noncrumbling_3, kennysheep_big_empty_room
D:4:      layout_basic, nemelex_xobeh_ov_fountains_minmay

Skill      XL: |  1  2  3  4  5 |
---------------+----------------+-----
Fighting       | 1 |  1.9
Armour         | 1 2 |  2.0
Spellcasting   | 3 |  3.3
Ice Magic      | 5 |  5.2
Shields        | 1 |  1.0
Axes           | |  0.6
Dodging        | |  1.7
Stealth        | |  2.4

Action                   |  1- 3 |  4- 6 || total
-------------------------+-------+-------++-------
Melee: Unarmed           |     1 |       ||     1
       Hand axe          |    23 |    74 ||    97
 Cast: Freeze            |    25 |    57 ||    82
 Abil: Dig               |     1 |     1 ||     2
  Use: Potion            |       |     1 ||     1
Armor: Robe              |     1 |       ||     1
       Ring mail         |    11 |    42 ||    53
Dodge: Dodged            |    18 |    62 ||    80
Block: Buckler           |       |    12 ||    12
